[Event "Late-Titled-Tuesday-Blitz-June-25-2024"]
[Site "Chess.com"]
[Date "2024.06.25"]
[Round "8"]
[White "PapaieDudu"]
[Black "romulocardoso"]
[Result "0-1"]
[WhiteElo "2447"]
[BlackElo "2337"]
[TimeControl "180+1"]
[EndTime "15:27:32 PDT"]
[Termination "romulocardoso won by resignation"]

1. Nf3 c5 2. e3 Nf6 3. d4 cxd4 4. exd4 g6 5. c4 Bg7 6. Nc3 Kf8 7. Be2 d5 8. O-O Nc6 9. h3 h6 10. Be3 Be6 11. c5 Ne4 12. a3 f5 13. Qc1 g5 14.
g3 f4 15. gxf4 Bxh3 16. Rd1 Qd7 17. Ne5 Nxe5 18. dxe5 gxf4 19. Nxe4 fxe3 20. Qxe3 Bxe5 21. Ng3 Bxb2 22. Qf3+ Bf6 23. Rxd5 Qg4 24. Qxg4 Bxg4 25. Rad1 Rg8 26. Kf1 Bh3+ 27. Kg1 Be6 28. Rh5 Bg5 29.
Rb1 Bd5 30. Kf1 Rc8 31. Nf5 Be4 32. Nxe7 Kxe7 33. Re1 Bd2 34. Re5+ Kf6 35. Rxe4 Bxe1 36. Kxe1 Rxc5 37. Rf4+ Rf5 38. Re4 Re5 39. Rf4+ Kg6 40. Kf1 Rge8 41. Bf3 Re1+ 42. Kg2 R8e7 43. Rb4 b6 44. a4 Rg7 45. Kh2 Rf7 46. Kg3 Rg1+ 47. Kh2 Rg5 48. a5 Rxf3 49. axb6 axb6 50. Rxb6+ Kh5 51. Kh1 Rf4 52. Rb3 Rh4+ 0-1

[Event "Late-Titled-Tuesday-Blitz-June-25-2024"]
[Site "Chess.com"]
[Date "2024.06.25"]
[Round "8"]
[White "ninjatrick"]
[Black "TigrVShlyape"]
[Result "0-1"]
[WhiteElo "2523"]
[BlackElo "2980"]
[TimeControl "180+1"]
[EndTime "15:27:33 PDT"]
[Termination "TigrVShlyape won by checkmate"]

1. Nf3 d5 2. e3 c6 3. c4 Nf6 4. d4 g6 5. Nc3 Bg7 6. Bd3 O-O 7. O-O Bg4 8. h3 Bxf3 9. Qxf3 e6 10.
Rd1 Nbd7 11. e4 dxe4 12. Nxe4 Nxe4 13. Bxe4 Nb6 14. Qd3 Qe7 15. Bd2 Rfd8 16. Bc3 Rd7 17. b3 Rad8 18. Qe3 Nc8 19. c5 Qh4 20. Rd3 Ne7 21. Rad1 Nd5 22. Bxd5 Rxd5 23. f3 Bh6 24. Qe4 Qg3 25. Be1 Qc7 26. Bf2 R8d7 27. Qe2 Bf4 28. Qe4 Bh2+ 29. Kh1 Bg3 30. Bg1 Qd8 31. f4 Bh4 32. g3 Bf6 33. Kh2 a5 34. a4 b6 35.
cxb6 Qxb6 36. R1d2 h5 37. g4 Qd8 38. g5 Bg7 39. h4 c5 40. Rc2 Bxd4 41. Bxd4 Rxd4 42. Rxd4 cxd4 43. Qd3 Qb8 44. Kg3 e5 45. Rf2 Re7 46. Qe4 exf4+ 47. Qxf4 Re3+ 48. Rf3 Rxf3+ 49. Kxf3 Qxb3+ 50. Ke4 Qxa4 51. Qb8+ Kh7 52. Qc7 d3+ 53. Kxd3 Qb3+ 54. Kd4 a4 55. Ke5 a3 56. Qa7 a2 57.
Qa8 Qb2+ 58. Kd6 a1=Q 59. Qe8 Qd4+ 60. Ke7 Qe5+ 61. Kxf7 Qa7+ 62. Kf8 Qeg7# 0-1

[Event "Late-Titled-Tuesday-Blitz-June-25-2024"]
[Site "Chess.com"]
[Date "2024.06.25"]
[Round "8"]
[White "betta2004"]
[Black "WilsonPalencia21"]
[Result "0-1"]
[WhiteElo "2498"]
[BlackElo "2615"]
[TimeControl "180+1"]
[EndTime "15:27:33 PDT"]
[Termination "WilsonPalencia21 won by resignation"]

1. Nf3 c5 2. b3 Nc6 3. Bb2 b6 4. e3 Bb7 5. d4 e6 6. Nbd2 Nf6 7.
Bd3 Be7 8. O-O d6 9. c4 Qc7 10.
Rc1 e5 11. Bb1 O-O 12. d5 Nb8 13. Ng5 Nbd7 14. f4 h6 15. Ngf3 exf4 16. exf4 Rfe8 17. Qc2 b5 18. Rce1 Bf8 19. Ne4 Nxe4 20. Rxe4 Rxe4 21.
Qxe4 g6 22. Nh4 Bg7 23. Bxg7 Kxg7 24. Nxg6 Nf6 25. Qc2 bxc4 26. bxc4 Re8 27. Nh4 Bc8 28. Qc3 Qe7 29. Bf5 Ba6 30. Bd3 Bc8 31. Kh1 Qe3 32. h3 Bxh3 33. Kh2 Bd7 34. Rf3 Qd4 35. Rg3+ Ng4+ 36.
Rxg4+ Bxg4 37. Qxd4+ cxd4 38. Bf5 Be2 39. Bd7 Rd8 40.
Ba4 d3 41. Nf5+ Kf6 42. Nd4 Rb8 43. Bb3 Re8 44. Nb5 d2 45. Nxd6 Re3 46. Bc2 Bd3 47. Ba4 Ke7 48. Nc8+ Kd8 49. Nxa7 Bxc4 50. d6 Bd5 51.
Nb5 Bc6 52. d7 Bxd7 0-1

[Event "Late-Titled-Tuesday-Blitz-June-25-2024"]
[Site "Chess.com"]
[Date "2024.06.25"]
[Round "8"]
[White "nindjaxx8"]
[Black "CrimeFightingSpider07"]
[Result "0-1"]
[WhiteElo "2705"]
[BlackElo "2563"]
[TimeControl "180+1"]
[EndTime "15:27:34 PDT"]
[Termination "CrimeFightingSpider07 won by checkmate"]

1. d4 Nf6 2. c4 e6 3. Nc3 d5 4. cxd5 exd5 5. Bg5 Be7 6. e3 O-O 7. Nf3 b6 8. Bd3 Bb7 9. O-O Nbd7 10. Rc1 h6 11.
Bh4 c5 12. Re1 Ne4 13. Bxe7 Qxe7 14. Qc2 Ndf6 15. Red1 Rac8 16. Qb1 Rfd8 17. h3 cxd4 18. Nxd4 Nxc3 19. bxc3 Rc5 20. Nf5 Qc7 21. Qb4 Bc8 22. Nd4 Bd7 23. Nb3 Rc6 24. Qd4 Be6 25. Nd2 Qe7 26.
Nf3 Qc5 27. Qf4 Qd6 28. Qa4 Rc7 29. Nd4 Bd7 30. Qb3 Rdc8 31. Ba6 Re8 32. c4 Rf8 33. cxd5 Rxc1 34. Rxc1 Nxd5 35. Bb5 Rc8 36. Rd1 Nc3 37. Bxd7 Qxd7 38. Rc1 Ne4 39. Rd1 Nc3 40. Rc1 Ne4 41. Rf1 Nd2 42. Qd3 Nxf1 43. Qxf1 Qd5 44. Qa6 Rc1+ 45. Kh2 Qe5+ 46. g3 Qd5 47. f3 Qc4 48. Qxa7 Qf1 49. g4 Qg1# 0-1

[Event "Late-Titled-Tuesday-Blitz-June-25-2024"]
[Site "Chess.com"]
[Date "2024.06.25"]
[Round "8"]
[White "jinxy2009"]
[Black "King_Deded4d5"]
[Result "0-1"]
[WhiteElo "2249"]
[BlackElo "2462"]
[TimeControl "180+1"]
[EndTime "15:27:35 PDT"]
[Termination "King_Deded4d5 won by resignation"]

1. c4 Nf6 2. Nf3 g6 3. g3 Bg7 4. Bg2 O-O 5. O-O d6 6. d4 Nc6 7. Nc3 Bg4 8. b3 Nd7 9. e3 e5 10. dxe5 Ndxe5 11. Bb2 Nb4 12. h3 Bxf3 13. Bxf3 Nbd3 14.
Be4 Nxb2 15. Qc2 Qf6 16. Qxb2 Nf3+ 17. Bxf3 Qxf3 18. Qe2 Qxe2 19. Nxe2 Bxa1 20. Rxa1 Rfe8 21. Rd1 Rad8 22. Kg2 c6 23. Kf3 d5 24. c5 f5 25.
Nd4 Kf7 26. h4 h6 27. Rh1 Kf6 28. a3 Rh8 29. b4 g5 30. h5 Rhe8 31. Rd1 Rb8 32.
Rc1 Rbc8 33. a4 Rf8 34. Ke2 Ke7 35. Rg1 b6 36. Rc1 bxc5 37. Rxc5 Kd6 38. Kf3 Rf7 39.
Rc1 Rf6 40. Rc3 Ke5 41. Ke2 g4 42. b5 c5 43. f4+ Kd6 44. Nc6 Rxc6 45. bxc6 Kxc6 46.
Rb3 Rf7 47. Kd3 c4+ 0-1

[Event "Late-Titled-Tuesday-Blitz-June-25-2024"]
[Site "Chess.com"]
[Date "2024.06.25"]
[Round "8"]
[White "K_A_S_T_O_R"]
[Black "Javokhir_Sindarov05"]
[Result "0-1"]
[WhiteElo "2858"]
[BlackElo "3071"]
[TimeControl "180+1"]
[EndTime "15:27:37 PDT"]
[Termination "Javokhir_Sindarov05 won by resignation"]

1. e4 c5 2. Nf3 e6 3. d4 cxd4 4. Nxd4 Nf6 5. Nc3 Nc6 6. Ndb5 d6 7. Bf4 e5 8. Bg5 a6 9. Na3 b5 10. Nd5 Be7 11. Bxf6 Bxf6 12. c3 Rb8 13. Nc2 Bg5 14.
Be2 O-O 15. O-O Ne7 16. Ncb4 Nxd5 17. Qxd5 Be6 18. Qd3 Qb6 19. Rfd1 a5 20. Nd5 Qa7 21. Bf3 g6 22. Qe2 h5 23. a4 Qb7 24. axb5 Qxb5 25.
Qxb5 Rxb5 26. b4 Bxd5 27. Rxd5 Rxd5 28. exd5 axb4 29. cxb4 Rb8 30. Rb1 Bd8 31. Be2 Bb6 32. Ba6 Bc5 33. b5 f5 34. Kf1 Kf7 35. f3 Kf6 36.
Ke2 e4 37. f4 g5 38. g3 gxf4 39. gxf4 h4 40. Rb3 Bb6 41. Rh3 Rg8 42. Rxh4 Rg2+ 43. Kd1 e3 44. Rh6+ Kf7 45. Re6 Rd2+ 46. Ke1 Rxd5 47. Rh6 Rd2 48. Bc8 Ba5 49. Rh7+ Kf8 50. Ra7 Ra2+ 51. Rxa5 Rxa5 52. b6 Rb5 53. b7 Rb2 54. h4 d5 55. h5 d4 56. Bxf5 Rxb7 57.
h6 Rf7 58. h7 Kg7 59. Bd3 Rxf4 60. Ke2 Rf2+ 61. Ke1 Rd2 62. Be4 Rh2 0-1

[Event "Late-Titled-Tuesday-Blitz-June-25-2024"]
[Site "Chess.com"]
[Date "2024.06.25"]
[Round "8"]
[White "Puzzlebot_1294"]
[Black "Chessmissile07"]
[Result "0-1"]
[WhiteElo "2645"]
[BlackElo "2824"]
[TimeControl "180+1"]
[EndTime "15:27:37 PDT"]
[Termination "Chessmissile07 won by resignation"]

1. d4 a6 2. a4 d5 3. Ra3 Nf6 4. Nf3 Bf5 5. Ra1 e6 6. c3 Nbd7 7. e3 Bd6 8. Bd3 Ne4 9. Qe2 O-O 10. Nbd2 Ndf6 11. O-O h6 12. Rd1 Ng4 13. Rf1 Qf6 14. h3 Ngxf2 15. Rxf2 Ng3 16. Qd1 Bxd3 17. Ne5 Bf5 18.
Nd7 Qg6 19. Nxf8 Rxf8 20. Rf3 Ne4 21. Kf1 Ng5 22. Rf2 Bd3+ 23. Ke1 Bg3 24. Qg4 Ne4 25. Nxe4 dxe4 26. b3 h5 27. Qd1 f5 28. Ba3 Rf7 29. Qd2 h4 30. Kd1 Bxf2 31. Qxf2 Qg3 32. Qxg3 hxg3 33. Kd2 g5 34. c4 f4 35. Re1 f3 36. gxf3 exf3 37. Kxd3 f2 38. Rc1 g2 39.
d5 f1=Q+ 40. Rxf1 gxf1=Q+ 41. Kd4 exd5 42. cxd5 Qd1+ 43. Ke5 Qxb3 44. Bc5 Rd7 45. e4 Qc3+ 46.
Bd4 Re7+ 47. Kf5 Qxd4 0-1

[Event "Late-Titled-Tuesday-Blitz-June-25-2024"]
[Site "Chess.com"]
[Date "2024.06.25"]
[Round "8"]
[White "jk13"]
[Black "IndianSchoolOfSuffering"]
[Result "1/2-1/2"]
[WhiteElo "2702"]
[BlackElo "2519"]
[TimeControl "180+1"]
[EndTime "15:27:37 PDT"]
[Termination "Game drawn by stalemate"]

1. e4 e5 2. Nf3 Nc6 3. Bc4 Nf6 4. d3 h6 5. O-O d6 6. a4 g5 7. a5 a6 8. c3 Bg7 9. Nbd2 Qe7 10. b4 O-O 11. b5 axb5 12. Bxb5 Rxa5 13. Rxa5 Nxa5 14. Qa4 b6 15. d4 exd4 16. cxd4 g4 17. e5 gxf3 18. exf6 Qxf6 19. Nxf3 Bg4 20. Be2 Qe6 21.
Qc2 Re8 22. Be3 c5 23. dxc5 dxc5 24. h3 Bf5 25. Qc1 Nb3 26. Qa3 Nd4 27. Bxd4 cxd4 28.
Bd3 Bf8 29. Bxf5 Qxf5 30. Qb3 Bc5 31. Rd1 Re4 32. Qd3 Rf4 33. Qe2 Qe4 34. Qd2 Rxf3 35. gxf3 Qxf3 36. Qd3 Qxd3 37. Rxd3 Kg7 38. Kg2 Kf6 39.
Kf3 Ke5 40. Ke2 Ke4 41. f3+ Kd5 42. Kd2 Kc4 43. Kc2 b5 44. Rb3 b4 45. Rd3 Bd6 46.
Rb3 f5 47. Rd3 Bf4 48. Rb3 Be3 49. Rd3 f4 50. Rb3 Bd2 51. Rd3 Bc3 52. Rd1 b3+ 53.
Kb1 d3 54. Rg1 d2 55. Rd1 Kd3 56. Rh1 Ke2 57. Rh2+ Kxf3 58. Rh1 Kg2 59. Rd1 f3 60. h4 f2 61. h5 f1=Q 62. Rxf1 Kxf1 1/2-1/2

[Event "Late-Titled-Tuesday-Blitz-June-25-2024"]
[Site "Chess.com"]
[Date "2024.06.25"]
[Round "8"]
[White "Crazy_girl99"]
[Black "TokChess"]
[Result "0-1"]
[WhiteElo "2678"]
[BlackElo "2531"]
[TimeControl "180+1"]
[EndTime "15:27:38 PDT"]
[Termination "TokChess won by checkmate"]

1. e4 c5 2. Nf3 e6 3. d4 cxd4 4. Nxd4 a6 5. c4 Nf6 6. Nc3 Bb4 7. Bd3 Qc7 8. O-O O-O 9. Bg5 d6 10. Bxf6 gxf6 11. Qf3 Nd7 12. Nce2 Ne5 13. Qg3+ Kh8 14. Rad1 Rg8 15. Qh4 Qe7 16. f4 Ng6 17. Qh5 Bc5 18. Kh1 Bd7 19. Rf3 Rg7 20. Rh3 Bxd4 21. Nxd4 Nxf4 22. Qh6 Nxh3 23. Qxh3 Rag8 24. g3 Qd8 25. b3 Qb6 26. Bc2 Rg6 27. Qf1 Qc5 28. Ne2 Bc6 29. Nf4 Rh6 30. Qf3 Qe5 31. Kg1 f5 32. Qf2 Bxe4 33.
Re1 Rg4 34. Bxe4 fxe4 35. Kh1 Rf6 36. Qb6 Rfxf4 37. gxf4 Qxf4 38. Qd4+ e5 39. Qe3 Qxe3 40. Rxe3 Kg7 41. h3 Rf4 42. Kg2 f5 43. Re2 Kf6 44.
Rd2 Ke6 45. b4 Rf3 46. c5 d5 47. Rb2 Ra3 48. b5 axb5 49. Rxb5 Rxa2+ 50. Kg3 f4+ 51. Kg4 Rg2+ 52. Kh4 e3 53. Rxb7 e2 54. Rb6+ Kf5 55.
Kh5 e1=Q 56. h4 Qxh4+ 57. Kxh4 Rh2# 0-1

[Event "Late-Titled-Tuesday-Blitz-June-25-2024"]
[Site "Chess.com"]
[Date "2024.06.25"]
[Round "8"]
[White "fin"]
[Black "yaguigor"]
[Result "1-0"]
[WhiteElo "2725"]
[BlackElo "2553"]
[TimeControl "180+1"]
[EndTime "15:27:39 PDT"]
[Termination "fin won by resignation"]

1. e4 c5 2. Nf3 Nc6 3. c3 Nf6 4. e5 Nd5 5. Bc4 e6 6. d4 cxd4 7. cxd4 d6 8. exd6 Qxd6 9. Nc3 Be7 10. O-O O-O 11. Re1 b6 12. Nxd5 exd5 13. Bd3 Bg4 14. Be3 Bf6 15. h3 Bxf3 16. Qxf3 Bxd4 17. Bxd4 Nxd4 18.
Qg4 Ne6 19. Rad1 Rad8 20. Bf5 Rfe8 21. Qh4 g6 22. Bxe6 Rxe6 23. Rxe6 fxe6 24. Rd3 Rf8 25. Qg4 e5 26. Qe4 Rd8 27. Qe2 d4 28. Ra3 d3 29. Qd2 a5 30. f3 Qd4+ 31. Kh1 e4 32.
fxe4 Qxe4 33. Rc3 Qe2 34. Qg5 Rf8 35. Qd5+ Rf7 36. Rxd3 Qf1+ 37. Kh2 Qf4+ 38. Rg3 Kg7 39. a3 h5 40. Qe6 Rf6 41. Qe7+ Rf7 42. Qe6 h4 43. Qxg6+ Kf8 44. Qg8+ Ke7 45. Qg5+ Kd6 46. Qxf4+ Rxf4 47. Rg4 Ke5 48. Rxf4 Kxf4 49. a4 Ke3 50. g3 hxg3+ 51. Kxg3 Kd3 52. h4 Kc2 53. h5 Kxb2 54. h6 Ka3 55. h7 Kxa4 56. h8=Q 1-0

[Event "Late-Titled-Tuesday-Blitz-June-25-2024"]
[Site "Chess.com"]
[Date "2024.06.25"]
[Round "8"]
[White "tgpgoat"]
[Black "Chempiblinka"]
[Result "0-1"]
[WhiteElo "2498"]
[BlackElo "2410"]
[TimeControl "180+1"]
[EndTime "15:27:39 PDT"]
[Termination "Chempiblinka won by resignation"]

1. Nf3 Nf6 2. d4 g6 3. Bg5 Bg7 4. Nbd2 c5 5. Bxf6 Bxf6 6. Ne4 Bxd4 7. Nxd4 cxd4 8. Qxd4 O-O 9. O-O-O Qa5 10. h4 Qxa2 11.
h5 Nc6 12. Qc3 d5 13. hxg6 fxg6 14. e3 Bf5 15. Ng5 Rac8 16. Rxh7 Nd4 17. Rg7+ Kxg7 18.
Qxd4+ Rf6 19. Bd3 Qa1+ 20. Kd2 Qa5+ 21. Kc1 Bxd3 22. Qxd3 Qa1+ 23. Kd2 Qa5+ 24. Kc1 Rxf2 25. Qd4+ Kg8 26. Kb1 Qc5 27. Qxc5 Rxc5 28. c3 b6 29. Ne6 Rc6 30. Nf4 Rf6 31. Nxd5 Re6 32. g4 Kf7 33.
Rd3 Rd6 34. e4 e6 35. Nb4 Rxd3 36. Nxd3 Rf1+ 37. Kc2 Rg1 38. Kb3 Ke7 39. Ne5 Kd6 40. Nxg6 Rxg4 41. e5+ Kd5 42. Nf8 Kxe5 43. Nd7+ Kd6 44. Nf6 Rg1 45. Ne8+ Kd7 46. Nf6+ Kc6 47. Kc4 e5 48. Kd3 Rb1 49. b4 Rh1 50. Ke4 Kb5 51. Nd5 Kc4 52. Ne3+ Kxc3 53. b5 Kb4 54. Kxe5 Kxb5 55.
Nd5 Rh5+ 56. Kd4 Rxd5+ 57. Kxd5 Kb4 0-1

[Event "Late-Titled-Tuesday-Blitz-June-25-2024"]
[Site "Chess.com"]
[Date "2024.06.25"]
[Round "8"]
[White "MaestroCheck"]
[Black "Rodalquilar"]
[Result "0-1"]
[WhiteElo "2648"]
[BlackElo "2836"]
[TimeControl "180+1"]
[EndTime "15:27:41 PDT"]
[Termination "Rodalquilar won by resignation"]

1. Nf3 d5 2. b3 Bf5 3. Bb2 e6 4. e3 Nf6 5. g3 h6 6. Bg2 Be7 7. O-O O-O 8. d3 Bh7 9. Nbd2 Nbd7 10. Qe2 a5 11. a3 a4 12. b4 c5 13. bxc5 Nxc5 14.
Rfd1 b5 15. Ne5 Qb6 16. Bd4 Rfc8 17. c4 bxc4 18. dxc4 Qa6 19. Bf1 Nb3 20. Nxb3 axb3 21. cxd5 Qxe2 22. Bxe2 Nxd5 23. Bc4 Bc2 24. Rd2 Bb4 25.
axb4 Rxa1+ 26. Bxa1 Nxb4 27. Bb2 Ra8 28. Nd3 Rd8 29.
Bd4 Bxd3 30. Bxd3 e5 31. Bc4 exd4 32. exd4 Nc6 33. d5 Ne5 34. Be2 Rc8 35. Bd1 b2 36. Rxb2 Rc1 37. f4 Rxd1+ 38. Kg2 Ng4 39. Rb8+ Kh7 40. h3 Nf6 41. Kf3 Nxd5 42. Rd8 Rd3+ 43. Ke4 Rxg3 44. Rxd5 Rxh3 45. Rd7 f6 46. Kf5 Rg3 47.
Re7 h5 48. Ra7 h4 49. Ra2 h3 50. Rh2 Kh6 51. Ke4 Kh5 52. f5 Kg4 53. Rf2 Rg2 54.
Rf4+ Kg3 55. Rf3+ Kh4 56. Kf4 Rg4+ 57. Ke3 Rg3 58. Kf4 Rxf3+ 59. Kxf3 Kg5 60. Kg3 Kxf5 61.
Kxh3 g5 62. Kg3 Kg6 63. Kg2 0-1

[Event "Late-Titled-Tuesday-Blitz-June-25-2024"]
[Site "Chess.com"]
[Date "2024.06.25"]
[Round "8"]
[White "ArmanGhevondyanchess"]
[Black "Alexander_Khlebovich"]
[Result "0-1"]
[WhiteElo "2620"]
[BlackElo "2822"]
[TimeControl "180+1"]
[EndTime "15:27:43 PDT"]
[Termination "Alexander_Khlebovich won by resignation"]

1. Nf3 c5 2. g3 Nc6 3. d4 cxd4 4.
Nxd4 g6 5. Bg2 Bg7 6. Nxc6 bxc6 7. O-O Rb8 8. c4 Rxb2 9. Bxb2 Bxb2 10. Nd2 Bxa1 11.
Qxa1 Nf6 12. Qd4 Qb6 13. c5 Qa6 14. Ne4 O-O 15. Nxf6+ exf6 16. Qxf6 Qxe2 17. a4 Qc4 18.
Qe5 Qxa4 19. Ra1 Qc4 20. Bf1 Qe6 21. Qxe6 fxe6 22. Rxa7 Kf7 23. f4 Ke7 24. Bg2 Rf5 25.
Ra5 Kd8 26. Be4 Rf7 27. Ra7 e5 28. Bxc6 exf4 29. Be4 Re7 30. Bf3 fxg3 31. hxg3 Re3 32. Kf2 Rc3 33. c6 dxc6 34. Rxh7 c5 35. Be4 g5 36. g4 Bxg4 37. Rg7 Be6 38. Rxg5 Ke7 39.
Ke2 Kd6 40. Kd2 Rh3 41. Bg2 Ra3 42. Be4 c4 43. Bc2 Rh3 44. Rg2 c3+ 45. Ke2 Bc4+ 46.
Kf2 Kc5 47. Rg5+ Kb4 48. Rg3 Rh2+ 49. Rg2 Rh4 50. Ke3 Rh3+ 51. Kd4 Bb3 52. Bf5 Rh4+ 53. Ke3 Rh5 54. Be4 Re5 55. Kd4 Re8 56. Bc2 Rd8+ 57.
Ke5 Bxc2 58. Rxc2 Kb3 0-1

[Event "Late-Titled-Tuesday-Blitz-June-25-2024"]
[Site "Chess.com"]
[Date "2024.06.25"]
[Round "8"]
[White "AGW2016"]
[Black "HamedWafa4"]
[Result "0-1"]
[WhiteElo "2554"]
[BlackElo "2764"]
[TimeControl "180+1"]
[EndTime "15:27:43 PDT"]
[Termination "HamedWafa4 won by resignation"]

1. d4 Nf6 2. Nf3 c5 3. d5 b5 4. a4 b4 5. c4 g6 6. b3 d6 7. Bb2 Bg7 8. Nbd2 O-O 9. g3 e5 10. dxe6 Bxe6 11. Bg2 Nc6 12. O-O Rc8 13. e3 d5 14.
cxd5 Bxd5 15. Qe2 Na5 16. Rfd1 Qb6 17. Ne5 Rfd8 18. Bxd5 Nxd5 19. Ndc4 Nxc4 20. Nxc4 Qe6 21. Bxg7 Kxg7 22. Qf3 Nc3 23. Rxd8 Rxd8 24. Kg2 h5 25. h4 Rd3 26. Qb7 Ne4 27. Rb1 Qf5 28. Rb2 Rd7 29. Qb8 Nc3 30. Qe5+ Qxe5 31. Nxe5 Rd5 32.
Nc4 f5 33. Rd2 Rxd2 34. Nxd2 Ne4 35. Nc4 Kf6 36. f3 Nc3 37. Kf2 Ke6 38. Ke1 Nd5 39. Kd2 Nf6 40. Kd3 Nd7 41. e4 fxe4+ 42. Kxe4 Nf6+ 43.
Kf4 Nd5+ 44. Kg5 Nb6 45. Nd2 Kf7 46. g4 c4 47. bxc4 hxg4 48. fxg4 Nxa4 49. h5 gxh5 50.
gxh5 Nc5 51. h6 a5 52. Nf3 Ne6+ 53. Kh5 Nf8 54. c5 Ke7 55. Nd4 a4 56. Kg5 b3 57.
Nf5+ Kd7 58. Kf6 b2 59. Kf7 b1=Q 0-1

[Event "Late-Titled-Tuesday-Blitz-June-25-2024"]
[Site "Chess.com"]
[Date "2024.06.25"]
[Round "8"]
[White "Kildepiotr"]
[Black "LoonsDeKoeben"]
[Result "0-1"]
[WhiteElo "2693"]
[BlackElo "2436"]
[TimeControl "180+1"]
[EndTime "15:27:43 PDT"]
[Termination "LoonsDeKoeben won on time"]

1. Nf3 Nf6 2. g3 b5 3. Bg2 Bb7 4. O-O e6 5. d3 d5 6. Nbd2 d4 7. a4 a6 8. c3 c5 9. cxd4 cxd4 10. axb5 axb5 11. Rxa8 Bxa8 12. Nb3 Nc6 13. Nfxd4 Nxd4 14. Bxa8 Nxe2+ 15. Qxe2 Qxa8 16. Be3 Bd6 17. Ra1 Qb8 18. Ra5 O-O 19. d4 b4 20. Nc5 Nd5 21. Nd7 Qc7 22.
Rxd5 exd5 23. Nxf8 Kxf8 24. Qh5 Qc4 25. Qxh7 f6 26. h4 Qb3 27. h5 Qxb2 28. h6 Qa1+ 29. Kg2 gxh6 30. Bxh6+ Ke8 31. Qg8+ Kd7 32. Qxd5 Qc3 33. Qf7+ Be7 34. Qd5+ Bd6 35. Qf5+ Ke7 36. d5 Qe5 37. Qh7+ Kd8 38. Qg8+ Kc7 39. Qf7+ Qe7 40. Qxe7+ Bxe7 41. Kf3 b3 42. Bc1 Bd6 43. Ke4 Be5 44.
f4 b2 45. Bxb2 Bxb2 46. g4 Kd6 47. Kf5 Kxd5 48. Kg6 Ke6 49. f5+ Ke7 50. g5 Bd4 0-1

[Event "Late-Titled-Tuesday-Blitz-June-25-2024"]
[Site "Chess.com"]
[Date "2024.06.25"]
[Round "8"]
[White "ShimogaTactician"]
[Black "Bykov_Egor"]
[Result "0-1"]
[WhiteElo "2518"]
[BlackElo "2625"]
[TimeControl "180+1"]
[EndTime "15:27:44 PDT"]
[Termination "Bykov_Egor won by resignation"]

1. Nf3 Nf6 2. c4 c6 3. e3 d5 4. d4 Bg4 5. Nbd2 e6 6. h3 Bh5 7. g4 Bg6 8. Ne5 Nbd7 9. Nxg6 hxg6 10. Bg2 Bd6 11. b3 a5 12. a3 Qe7 13. Bb2 O-O 14. h4 dxc4 15. Nxc4 Bc7 16. h5 gxh5 17. g5 Ng4 18.
Rxh5 f5 19. gxf6 Ndxf6 20. Rg5 Nxf2 21. Qc2 N6e4 22. Rh5 Qf7 23. Rh4 Bg3 24. Rxe4 Nxe4+ 25. Kd1 Qf2 26. Qxe4 Qe1+ 27. Kc2 Rf2+ 28. Kd3 Qe2+ 29. Kc3 Rxg2 30. Qxe6+ Kh7 31. Qh3+ Kg6 32. Qe6+ Kh5 33.
Rc1 Kg5 34. Qe7+ Kg6 35. Qe6+ Kg5 36. Qe7+ Kh5 37. Qf7+ Kh6 38. Qe6+ g6 39. Qh3+ Kg5 40. d5 Be1+ 41. Kd4 c5+ 42. Kxc5 Qf2 43. Kb5 Rg3 44.
Bf6+ Kxf6 45. Qh4+ Kg7 46. Qd4+ Qf6 47. Qb6 Qxb6+ 48.
Nxb6 Bf2 49. Nc4 Rd8 50. Nd6 Rxd6 51. Kc5 Rd7 52. Kd4 Bxe3+ 53. Ke5 Bxc1 54. Kd4 Rg5 55. Ke4 Rgxd5 56. Kf3 Rd3+ 57. Ke2 Re3+ 0-1

[Event "Late-Titled-Tuesday-Blitz-June-25-2024"]
[Site "Chess.com"]
[Date "2024.06.25"]
[Round "8"]
[White "IsaacWiebe"]
[Black "ErikRonka"]
[Result "0-1"]
[WhiteElo "2368"]
[BlackElo "2497"]
[TimeControl "180+1"]
[EndTime "15:27:44 PDT"]
[Termination "ErikRonka won on time"]

1. e4 g6 2. d4 Bg7 3. Nf3 c5 4.
c4 cxd4 5. Nxd4 Nc6 6. Be3 Qb6 7.
Nb3 Qc7 8. Nc3 Bxc3+ 9. bxc3 Nf6 10. f3 O-O 11. Be2 d6 12. c5 Rd8 13. cxd6 Rxd6 14. Qc1 b6 15. Bf4 e5 16. Be3 Bb7 17. O-O Rc8 18. Qb2 Nd8 19. Rac1 Ne6 20. c4 Nd7 21. Rc2 Nec5 22. Nxc5 bxc5 23. Rb1 Rb6 24. Qa1 Nf8 25. Rcc1 Ne6 26. Qc3 Nd4 27. Bd1 Bc6 28. a4 Rcb8 29. Rxb6 Rxb6 30. a5 Rb4 31. Ra1 Qe7 32. Rc1 Rb3 33.
Bxb3 Ne2+ 34. Kf2 Nxc3 35. Rxc3 f5 36. Bc2 fxe4 37. Bxe4 Bxe4 38. fxe4 Qc7 39. Ra3 Qf7+ 40. Kg3 Qxc4 41. Kf3 Qb4 42. Ra1 a6 43. Rd1 Qxa5 44.
Rd7 Qb5 45. Rc7 c4 46. Bh6 Qe8 47. Rg7+ Kh8 48. Rc7 a5 49. Ke3 a4 0-1

[Event "Late-Titled-Tuesday-Blitz-June-25-2024"]
[Site "Chess.com"]
[Date "2024.06.25"]
[Round "8"]
[White "wonderfultime"]
[Black "MagnusCarlsen"]
[Result "1/2-1/2"]
[WhiteElo "3054"]
[BlackElo "3169"]
[TimeControl "180+1"]
[EndTime "15:27:46 PDT"]
[Termination "Game drawn by repetition"]

1. d4 Nf6 2. Nf3 b6 3. c4 Bb7 4. Nc3 e6 5. a3 d5 6. Bg5 Be7 7. Bxf6 Bxf6 8. cxd5 exd5 9. Qa4+ c6 10. g3 O-O 11. Bh3 Na6 12. O-O Re8 13. e3 Nc7 14.
Rac1 g6 15. Ne2 Nb5 16. Nf4 Nd6 17. Rxc6 b5 18. Qc2 Nc4 19. Rc5 Be7 20. Rxb5 Bc6 21. Rc5 Bxc5 22. dxc5 Rb8 23. Rb1 Qa5 24. Nd4 Qxc5 25.
b3 Ba8 26. Ra1 Re7 27. bxc4 dxc4 28. Qc3 Reb7 29. Bf1 Rb1 30. h4 Rxa1 31. Qxa1 c3 32. Qc1 Be4 33. Bd3 Bxd3 34. Nxd3 Qc4 35. Nb4 a5 36.
Nbc6 Rb2 37. Ne5 Qc5 38. Nd3 Qxa3 39. Nxb2 cxb2 40. Qc8+ Kg7 41. Qb8 Qa1+ 42. Kg2 b1=Q 43. Qe5+ Kf8 44. Qd6+ Kg8 45. Qd8+ Kg7 46. Ne6+ fxe6 47.
Qe7+ Kh6 48. Qg5+ Kg7 49. Qe7+ Kg8 50. Qe8+ Kg7 51. Qe7+ 1/2-1/2

[Event "Late-Titled-Tuesday-Blitz-June-25-2024"]
[Site "Chess.com"]
[Date "2024.06.25"]
[Round "8"]
[White "JSPrepz"]
[Black "anasta10"]
[Result "1-0"]
[WhiteElo "2821"]
[BlackElo "2643"]
[TimeControl "180+1"]
[EndTime "15:27:47 PDT"]
[Termination "JSPrepz won on time"]

1. e4 g6 2. d3 Bg7 3. Nc3 a6 4. h4 h5 5. Bg5 d6 6. Qd2 b5 7. Nh3 Nd7 8. Be2 Nb6 9. a3 Nf6 10. Nf4 c5 11. f3 Bd7 12. g3 Qc8 13. Ng2 Qb7 14. O-O Bh3 15. Kh2 Bxg2 16. Kxg2 O-O 17.
Rad1 Rfe8 18. Kh2 b4 19. axb4 cxb4 20. Nb1 a5 21. d4 Nh7 22. Be3 Rec8 23. b3 Nf6 24.
Bd3 Nbd7 25. Qe2 a4 26. bxa4 Rxa4 27. Nd2 Ra2 28. Rb1 e6 29. Nb3 Rb8 30. Rfc1 Qa8 31. Nd2 Ne8 32. Nc4 Qa7 33. Qf2 Qc7 34. Nd2 Qc8 35.
Bc4 Ra3 36. Bb3 Raa8 37. Nc4 Qc7 38. Bf4 Bf8 39. Kg2 Nb6 40. Nxb6 Qxb6 41. Be3 Qc7 42. g4 hxg4 43. fxg4 Bg7 44. g5 Qc6 45. Qf3 Rb7 46.
Rf1 Re7 47. h5 Qc3 48. Rbd1 gxh5 49. Rd3 Qb2 50. Qxh5 Ra1 51. Rxa1 Qxa1 52. Rd1 Qc3 53. Qf3 Ra7 54. g6 f6 55. Bxe6+ Kf8 56. Bb3 Re7 57. Rh1 Nc7 58. Qh3 Nb5 59. Qh7 Ke8 60. Qg8+ Bf8 61. Qd5 Qxe3 62. Qxb5+ Rd7 63. Qb8+ Ke7 64. Rh7+ 1-0

[Event "Late-Titled-Tuesday-Blitz-June-25-2024"]
[Site "Chess.com"]
[Date "2024.06.25"]
[Round "8"]
[White "Quattroporte300"]
[Black "simaopdias"]
[Result "0-1"]
[WhiteElo "2421"]
[BlackElo "2269"]
[TimeControl "180+1"]
[EndTime "15:27:48 PDT"]
[Termination "simaopdias won by checkmate"]

1. e4 c5 2. Nc3 g6 3. d4 cxd4 4. Qxd4 Nf6 5. e5 Nc6 6. Qf4 Ng8 7. Nf3 Bg7 8. Bc4 e6 9. O-O Nge7 10. Ne4 O-O 11.
Nd6 Nf5 12. Nxf5 gxf5 13. Re1 f6 14. Qxf5 fxe5 15. Qh5 d5 16. Bb5 e4 17. Ng5 h6 18.
Nh3 Qe8 19. Qh4 Qe7 20. Qg3 Kh7 21. Bd2 Be5 22. Qg4 Qf6 23. c3 Ne7 24. Rf1 a6 25.
Be2 Nf5 26. f4 Bc7 27. Qh5 Ng7 28. Qg4 Nf5 29. Kh1 Bd7 30. Bd1 Rg8 31. Qe2 Qh4 32. Qe1 Qf6 33. Bc2 Bb6 34. c4 Rac8 35. Bc3 Bd4 36. Bxd4 Nxd4 37. Bb1 Kh8 38. a4 Rxc4 39.
Ra3 Nf5 40. b3 Rd4 41. b4 Bc6 42. Rc3 Rg7 43. b5 axb5 44. axb5 Bxb5 45. Rc8+ Kh7 46. Qc3 Bxf1 47. Bc2 Bxg2+ 48. Kg1 Bxh3+ 49. Kf2 Rc4 50. Qxf6 Rxc2+ 51. Ke1 Rg1# 0-1